 Dungeon Crawl Stone Soup version 0.21.0-25-ge575cb9 (webtiles) character file.

39771 terra52 the Fighter (level 13, 0/110 HPs)
             Began as a Demigod Skald on Jan 24, 2018.
             Slain by a komodo dragon (10 damage)
             ... on level 6 of the Lair of Beasts.
             The game lasted 01:02:19 (10209 turns).

terra52 the Fighter (Demigod Skald)                Turns: 10209, Time: 01:02:19

Health: 0/110      AC: 14    Str: 18    XL:     13   Next: 36%
Magic:  9/26       EV: 15    Int: 19    God:
Gold:   995        SH:  0    Dex: 17    Spells: 2/24 levels left

rFire    + + .     SeeInvis .   S - +7 trident of the Spider Nest {venom, rF++}
rCold    . . .     Gourm    .   (no shield)
rNeg     . . .     Faith    .   P - +0 steam dragon scales
rPois    +         Spirit   .   (no helmet)
rElec    .         Reflect  .   w - +2 cloak {+Inv}
rCorr    .         Harm     .   n - +1 pair of gloves
MR       +....                  k - +2 pair of boots
Stlth    +++.......             M - amulet of regeneration
HPRegen  1.68/turn              a - ring of wizardry
MPRegen  0.20/turn              O - ring of poison resistance

@: shrouded, singing, regenerating, studying Bows
A: high mp 1
a: Evoke Invisibility


You were on level 6 of the Lair of Beasts.
You were hungry.

You visited 2 branches of the dungeon, and saw 16 of its levels.
You also visited: Ice Cave and Volcano.

You collected 995 gold pieces.

Inventory:

Hand Weapons
 v - a +5 quarterstaff of chaos
 G - a +2 demon blade of flaming
 S - the +7 trident of the Spider Nest (weapon) {venom, rF++}
   (You found it on level 7 of the Dungeon)

   It poisons the flesh of those it strikes.
   It greatly protects you from fire.
 W - a +1 arbalest of freezing
Missiles
 V - a javelin (quivered)
Armour
 k - a +2 pair of boots (worn)
 n - a +1 pair of gloves (worn)
 t - a scarf of resistance
 w - a +2 cloak of invisibility (worn)
 P - +0 steam dragon scales (worn)
Magical Staves
 p - an uncursed staff of power
 Q - an uncursed staff of conjuration
 Z - an uncursed staff of summoning
Jewellery
 a - a ring of wizardry (left hand)
 h - an uncursed amulet of harm
 m - an uncursed ring of ice
 s - an uncursed ring of protection from cold
 u - an uncursed ring of resist corrosion
 x - an uncursed ring of protection from cold
 B - the amulet of the Four Winds {rN+ MR+++ Clar}
   (You found it on level 4 of the Lair of Beasts)

   [amulet of nothing]

   It protects you from negative energy.
   It affects your resistance to hostile enchantments.
   It protects you against confusion.
 K - an uncursed ring of protection from fire
 M - an amulet of regeneration (around neck)
 O - a ring of poison resistance (right hand)
Wands
 c - a wand of digging (18)
 q - a wand of random effects (38)
 r - a wand of polymorph (2)
 y - a wand of flame (92)
 E - a wand of enslavement (14)
 R - a wand of paralysis (10)
 T - a wand of scattershot (2)
Scrolls
 f - 10 scrolls of teleportation
 i - 9 scrolls of identify
 o - 2 scrolls of remove curse
 z - 2 scrolls of enchant weapon
 L - 3 scrolls of fear
 U - 3 scrolls of immolation
 Y - a scroll of amnesia
Potions
 b - 3 potions of resistance
 e - a potion of ambrosia
 l - 4 potions of invisibility
 A - 2 potions of heal wounds
 C - 3 potions of curing
 D - 2 potions of magic
 F - a potion of cancellation
 H - a potion of brilliance
 I - a potion of agility
 J - 6 potions of flight
Books
 g - a manual of Bows
 j - a book of Fire

   Spells                             Type                      Level
   a - Ignite Poison                  Fire/Transmutation/Poison    3
   b - Fireball                       Conjuration/Fire             5
   c - Bolt of Fire                   Conjuration/Fire             6
   d - Ring of Flames                 Charms/Fire                  7
   e - Ignition                       Fire                         8
Comestibles
 d - 14 rations


   Skills:
 * Level 8.9 Fighting
   Level 2.3 Short Blades
 + Level 8.8(9.5) Polearms
 + Level 5.7(8.0) Staves
 + Level 0.7 Throwing
 + Level 4.2 Armour
 + Level 5.3 Dodging
 + Level 4.8 Stealth
 + Level 6.4 Spellcasting
 * Level 4.8 Conjurations
 + Level 5.6 Hexes
 + Level 7.1 Charms
 * Level 1.9 Summonings
 + Level 4.6 Necromancy
 + Level 0.1 Translocations
 * Level 4.0 Fire Magic
 * Level 3.3 Ice Magic
 + Level 5.7 Evocations


You had 2 spell levels left.
You knew the following spells:

 Your Spells              Type           Power        Failure   Level  Hunger
a - Infusion              Chrm           ####         1%          1    None
b - Regeneration          Chrm/Necr      ####......   1%          3    ##.....
c - Spectral Weapon       Hex/Chrm       ####....     1%          3    ##.....
d - Song of Slaying       Chrm           ####....     1%          2    None
e - Shroud of Golubria    Chrm/Tloc      ###.......   1%          2    None
f - Summon Guardian Gole  Hex/Summ       ###.....     2%          3    ##.....
g - Fireball              Conj/Fire      ###.......   19%         5    #####..
h - Ozocubu's Armour      Chrm/Ice       ####....     1%          3    ##.....


Dungeon Overview and Level Annotations

Branches:
Dungeon (10/15)              Lair (6/6) D:9           Swamp (0/4) Lair:3
  Snake (0/4) Lair:4        Slime (0/5) Lair:5
 Temple: D:4-7          Orc: D:9-12

Shops:
D:4 %

Annotations:
D:4 sanboga's ghost, novice MiBe
Lair:6 exclusion: 4 oklob plants


Innate Abilities, Weirdness & Mutations

You have an increased reservoir of magic. (+10% MP)


Message History

The komodo dragon looks as sick as possible!
The komodo dragon is heavily wounded.
The komodo dragon bites you.
You barely miss the komodo dragon.
The komodo dragon is severely wounded.
The komodo dragon barely misses you.
You barely miss the komodo dragon.
The komodo dragon is severely wounded.
The komodo dragon bites you!
* * * LOW HITPOINT WARNING * * *
Casting: Song of Slaying
Confirm with . or Enter, or press ? or * to list all spells.
Space distorts slightly along a thin shroud covering your body.
The komodo dragon bites you!!
* * * LOW HITPOINT WARNING * * *
Unknown command.
Casting: Shroud of Golubria
Confirm with . or Enter, or press ? or * to list all spells.
Your skin crawls.
The komodo dragon bites you!
You die...

.P# # ###.....# .####
##≈######.....##♣♣♣♣ ≈≈...
...≈≈..P#....#.#.♣P♣♣♣♣
≈≈≈.....≈≈≈.................♣♣.
≈≈≈≈.....≈.....................
≈≈≈§§............8......†......
≈≈§§§§.........Y......Y........
.≈§§§§≈.....###l##....P....P..P
≈≈≈≈§§≈≈≈....#.#@####P###...PP.
≈≈≈≈≈≈≈≈≈≈.....### ### #....#
≈≈≈≈≈≈≈≈≈≈≈..##..### # ....#
≈≈≈≈≈≈≈≈≈...P#.##..##.## .....
..≈≈§≈≈.........<.......
........................
...............÷........
.............<..........
................#.#....#


You could see a komodo dragon and a yak.

Vanquished Creatures
  Fannar (D:10)
  3 hydras
  4 two-headed ogres
  9 death yaks
  A fire crab (Volcano)
  Pikel (D:5)
  2 lindwurms
  Psyche (D:8)
  A black mamba (Lair:6)
  A gargoyle (D:10)
  A torpor snail (Lair:2)
  5 spiny frogs
  A komodo dragon (Lair:4)
  A troll (D:9)
  13 polar bears (IceCv)
  8 blink frogs
  2 dream sheep (Lair:2)
  10 hippogriffs
  Sigmund (D:5)
  A wyvern (D:8)
  7 fire bats (Volcano)
  43 yaks
  A basilisk (Lair:1)
  A hungry ghost (D:9)
  Eustachio (D:6)
  The ghost of terra52 the Conjurer, an amateur DgCj (D:3)
  A steam dragon (Volcano)
  11 water moccasins
  7 porcupines
  8 ice beasts (Lair:5)
  A black bear (Lair:1)
  An orc warrior (D:9)
  2 phantoms
  A sky beast (D:6)
  A slave (D:5)
  5 ogres
  22 wolves
  2 centaurs
  9 crocodiles
  A big kobold (D:6)
  9 bullfrogs
  5 scorpions
  12 killer bees
  A howler monkey (D:5)
  9 wights
  2 electric eels
  4 crimson imps
  A bullfrog zombie (D:5)
  A quasit (D:5)
  2 jellies (D:10)
  3 hounds
  2 centaur skeletons
  5 orc priests
  5 orc wizards
  4 iguanas
  Crazy Yiuf (D:2)
  Ijyb (D:5)
  2 worker ants (D:4)
  A killer bee zombie (D:10)
  A hound zombie (D:5)
  A worker ant zombie (D:9)
  10 adders
  2 shadow imps
  4 oozes
  An adder zombie (D:9)
  An adder skeleton (D:8)
  4 worms
  2 dart slugs
  A leopard gecko (D:3)
  24 orcs
  6 bats
  8 giant cockroaches
  2 goblins
  7 hobgoblins
  6 jackals
  5 quokkas
  A ball python (D:2)
  3 frilled lizards
  A jackal skeleton (D:8)
  15 kobolds
  A leopard gecko skeleton (D:4)
  A quokka skeleton (D:5)
  2 quokka zombies
  9 rats
  A plant (Lair:3)
382 creatures vanquished.

Vanquished Creatures (collateral kills)
  A plant (Lair:3)
1 creature vanquished.

Vanquished Creatures (others)
  A frost giant (IceCv)
  A death yak (Lair:5)
  4 polar bears (IceCv)
  2 yaks (Lair:5)
  A slave (D:5)
  A human (D:3)
  An ogre (D:5)
  A crocodile (Lair:1)
  A howler monkey (D:5)
  An orc priest (D:5)
  An orc wizard (D:5)
  2 orcs (D:5)
  A quokka (D:5)
  2 fungi
  5 plants
  17 spectral weapons
42 creatures vanquished.

Grand Total: 425 creatures vanquished

Notes
Turn   | Place    | Note
-------+----------+-------------------------------------------
     0 | D:1      | terra52 the Demigod Skald began the quest for the Orb.
     0 | D:1      | Reached XP level 1. HP: 17/17 MP: 5/5
     0 | D:1      | Noticed a large abomination
     0 | D:1      | Noticed a large abomination
     1 | D:1      | Noticed an ice dragon
     3 | D:1      | Noticed a green draconian
     7 | D:1      | Noticed an orb of fire
    10 | D:1      | Noticed an iron dragon
    14 | D:1      | Noticed an orb of fire
    14 | D:1      | Noticed an orb of fire
    16 | D:1      | Noticed an orb of fire
    16 | D:1      | Noticed a tentacled monstrosity
    18 | D:1      | Noticed an ice dragon
    20 | D:1      | Noticed a shadow dragon
    22 | D:1      | Noticed a tentacled monstrosity
   192 | D:1      | Reached XP level 2. HP: 10/24 MP: 1/7
   629 | D:2      | Reached skill level 1 in Armour
   687 | D:2      | Found a runed door.
   741 | D:2      | Reached XP level 3. HP: 25/29 MP: 3/8
   770 | D:2      | Learned a level 3 spell: Regeneration
  1002 | D:2      | Found a bloodstained altar of Trog.
  1112 | D:2      | Reached XP level 4. HP: 28/36 MP: 7/10
  1234 | D:2      | Noticed Crazy Yiuf
  1237 | D:2      | Killed Crazy Yiuf
  1354 | D:3      | Noticed terra52's ghost (amateur DgCj)
  1369 | D:3      | Killed terra52's ghost
  1369 | D:3      | Reached skill level 1 in Staves
  1369 | D:3      | Reached skill level 1 in Stealth
  1369 | D:3      | Reached XP level 5. HP: 11/42 MP: 3/11
  1550 | D:3      | Reached XP level 6. HP: 47/50 MP: 6/13
  1886 | D:3      | Found an ancient bone altar of Kikubaaqudgha.
  1887 | D:3      | Noticed a human
  1889 | D:3      | Killed a human
  2082 | D:4      | Found Ecruylich's Food Boutique.
  2099 | D:4      | Noticed sanboga's ghost (novice MiBe)
  2126 | D:3      | Learned a level 3 spell: Spectral Weapon
  2319 | D:5      | Entered Level 5 of the Dungeon
  2378 | D:5      | Found a shimmering altar of Xom.
  2407 | D:5      | Reached skill level 1 in Necromancy
  2423 | D:4      | Found a shattered altar of Ashenzari.
  2431 | D:4      | Reached XP level 7. HP: 51/57 MP: 4/14
  2474 | D:5      | Found an opulent altar of Gozag.
  2476 | D:5      | Noticed Pikel
  2488 | D:5      | Killed Pikel
  2488 | D:5      | Reached skill level 1 in Hexes
  2678 | D:5      | Noticed Sigmund
  2684 | D:5      | Noticed Ijyb
  2691 | D:5      | Killed Ijyb
  2691 | D:5      | Reached XP level 8. HP: 64/64 MP: 7/16
  2698 | D:5      | Killed Sigmund
  2906 | D:5      | Learned a level 2 spell: Song of Slaying
  2909 | D:5      | Learned a level 2 spell: Shroud of Golubria
  3055 | D:6      | Noticed Eustachio
  3109 | D:6      | Killed Eustachio
  3109 | D:6      | Reached skill level 5 in Staves
  3540 | D:7      | Found an iron altar of Okawaru.
  3614 | D:7      | Reached XP level 9. HP: 72/72 MP: 17/17
  3782 | D:7      | Identified the +7 trident of the Spider Nest {venom, rF++} (You found it on level 7 of the Dungeon)
  3787 | D:7      | Found a glowing golden altar of the Shining One.
  3809 | D:7      | You fall through a shaft for 2 floors!
  3845 | D:9      | Noticed a two-headed ogre
  3943 | D:9      | Reached skill level 1 in Evocations
  4194 | D:9      | Reached skill level 1 in Polearms
  4276 | D:8      | Found a white marble altar of Elyvilon.
  4276 | D:8      | Found a hazy altar of Hepliaklqana.
  4888 | D:8      | Noticed Psyche
  4900 | D:8      | Killed Psyche
  4900 | D:8      | Reached skill level 5 in Fighting
  5009 | D:8      | Found a radiant altar of Vehumet.
  5010 | D:8      | Reached XP level 10. HP: 80/81 MP: 6/19
  5143 | D:9      | Found a staircase to the Lair.
  5234 | D:9      | Found a shadowy altar of Dithmenos.
  5353 | D:9      | Killed a two-headed ogre
  5353 | D:9      | Reached skill level 5 in Charms
  5393 | D:9      | Noticed a two-headed ogre
  5402 | D:9      | Killed a two-headed ogre
  5402 | D:9      | Reached skill level 5 in Polearms
  5643 | D:10     | Entered Level 10 of the Dungeon
  5770 | D:10     | Noticed Fannar
  5794 | D:10     | Killed Fannar
  5888 | D:10     | Learned a level 3 spell: Summon Guardian Golem
  5946 | D:10     | Noticed a two-headed ogre
  5954 | D:10     | Killed a two-headed ogre
  5954 | D:10     | Reached XP level 11. HP: 51/89 MP: 11/21
  6011 | D:10     | Noticed a two-headed ogre
  6021 | D:10     | Killed a two-headed ogre
  6521 | Lair:1   | Entered Level 1 of the Lair of Beasts
  6525 | Lair:1   | Reached skill level 5 in Evocations
  6701 | Lair:2   | Reached skill level 5 in Spellcasting
  6902 | Lair:2   | Noticed a five-headed hydra
  6912 | Lair:2   | Killed a five-headed hydra
  6912 | Lair:2   | Reached skill level 1 in Summonings
  6941 | Lair:2   | Found a dark tunnel.
  6941 | Lair:2   | Noticed a lindwurm
  6953 | Lair:2   | Killed a lindwurm
  6967 | Volcano  | Entered a volcano
  7006 | Volcano  | Noticed a lindwurm
  7017 | Volcano  | Killed a lindwurm
  7138 | Volcano  | Learned a level 5 spell: Fireball
  7145 | Volcano  | Noticed a fire crab
  7153 | Volcano  | Killed a fire crab
  7671 | Lair:3   | Reached skill level 1 in Conjurations
  7736 | Lair:3   | Found a staircase to the Swamp.
  7778 | Lair:3   | Reached XP level 12. HP: 79/100 MP: 21/24
  7782 | Lair:3   | Reached skill level 1 in Fire Magic
  7829 | Lair:3   | Noticed a seven-headed hydra
  7842 | Lair:3   | Killed a seven-headed hydra
  7905 | Lair:3   | Reached skill level 5 in Hexes
  8032 | Lair:3   | Learned a level 3 spell: Ozocubu's Armour
  8126 | Lair:3   | Reached skill level 5 in Dodging
  8375 | Lair:4   | Noticed an eight-headed hydra
  8382 | Lair:4   | Killed an eight-headed hydra
  8382 | Lair:4   | Reached skill level 1 in Ice Magic
  8388 | Lair:4   | Found a staircase to the Snake Pit.
  8410 | Lair:4   | Found the amulet of the Four Winds {rN+ MR+++ Clar}
  9136 | Lair:5   | Found a frozen archway.
  9174 | IceCv    | Entered an ice cave
  9477 | IceCv    | Reached XP level 13. HP: 85/108 MP: 14/26
  9644 | IceCv    | Noticed a frost giant
  9671 | IceCv    | Killed a frost giant
  9810 | Lair:5   | Found a staircase to the Slime Pits.
 10035 | Lair:6   | Entered Level 6 of the Lair of Beasts
 10209 | Lair:6   | Slain by a komodo dragon

Skill      XL: |  1  2  3  4  5  6  7  8  9 10 11 12 13 |
---------------+----------------------------------------+-----
Charms         | 3 4 5 6 7 |  7.1
Short Blades   | 2 |  2.3
Spellcasting   | 2 3 4 5 6 |  6.4
Armour         | 1 2 3 4 |  4.2
Fighting       | 2 3 4 5 6 7 8 |  8.9
Dodging        | 2 3 4 5 |  5.3
Staves         | 1 2 4 5 |  5.7
Stealth        | 1 2 3 4 |  4.8
Necromancy     | 1 2 3 4 |  4.6
Hexes          | 1 3 4 5 |  5.6
Evocations     | 3 4 5 |  5.7
Polearms       | 3 5 7 8 |  8.8
Summonings     | 1 |  1.9
Conjurations   | 1 4 |  4.8
Fire Magic     | 3 4 |  4.0
Ice Magic      | 2 3 |  3.3
Throwing       | |  0.7
Translocations | |  0.1

Action                   |  1- 3 |  4- 6 |  7- 9 | 10-12 | 13-15 || total
-------------------------+-------+-------+-------+-------+-------++-------
Melee: Short sword       |   118 |       |       |       |       ||   118
       Quarterstaff      |       |   108 |   134 |       |       ||   242
       Trident           |       |       |    92 |   570 |   168 ||   830
 Fire: Blowgun           |       |       |     4 |       |       ||     4
Throw: Javelin           |       |     2 |     2 |       |       ||     4
       Tomahawk          |       |       |     1 |       |       ||     1
 Cast: Infusion          |    21 |     6 |     9 |     8 |       ||    44
       Regeneration      |     1 |     8 |     2 |    28 |     8 ||    47
       Spectral Weapon   |       |     1 |    22 |    57 |     9 ||    89
       Shroud of Golubri |       |       |     1 |     7 |     6 ||    14
       Summon Guardian G |       |       |       |    19 |    14 ||    33
       Song of Slaying   |       |       |       |     3 |     1 ||     4
       Ozocubu's Armour  |       |       |       |     8 |     4 ||    12
       Fireball          |       |       |       |       |     1 ||     1
 Abil: Evoke Invisibilit |       |       |       |       |     1 ||     1
Evoke: Wand              |       |     4 |    13 |     2 |     4 ||    23
  Use: Potion            |     1 |     1 |       |       |       ||     2
       Scroll            |       |     1 |    11 |    16 |     2 ||    30
 Stab: Sleeping          |     1 |     4 |     3 |    13 |     2 ||    23
       Paralysed         |       |     1 |     1 |       |       ||     2
       Distracted        |       |       |       |     5 |     3 ||     8
       Invisible         |       |       |       |       |     4 ||     4
  Eat: Chunk             |     1 |     6 |     8 |    20 |     4 ||    39
       Ration            |       |       |     1 |     1 |       ||     2
Armor: Leather armour    |    50 |    42 |    55 |     5 |       ||   152
       Skin              |       |       |     1 |       |       ||     1
       Ring mail         |       |       |       |    84 |       ||    84
       Steam dragon scal |       |       |       |   124 |    53 ||   177
Dodge: Dodged            |    96 |    65 |   123 |   344 |   106 ||   734
